 Dungeon Crawl Stone Soup version 0.29.0-4-gdea44cf6ec (webtiles) character file.

Game seed: 9473692708801038207

128 qw the Chopper (level 5, 0/30 HPs)
             Began as a Tengu Warper on Aug 28, 2022.
             Succumbed to a scorpion's poison
             ... on level 3 of the Dungeon.
             The game lasted 00:00:15 (3044 turns).

qw the Chopper (Tengu Warper)                       Turns: 3044, Time: 00:00:16

Health: 0/30       AC:  5    Str: 13    XL:     5   Next: 11%
Magic:  9/9        EV: 13    Int: 13    God:
Gold:   178        SH:  0    Dex: 14    Spells: 8/8 levels left

rFire   . . .      SeeInvis .   Y - +0 war axe
rCold   . . .      Faith    .   (no shield)
rNeg    . . .      Spirit   .   f - +0 ring mail
rPois   .          Reflect  .   (helmet restricted)
rElec   .          Harm     .   (no cloak)
rCorr   .          Rampage  .   (no gloves)
Will    .....                   (boots unavailable)
Stlth   +.........              (no amulet)
HPRegen 0.10/turn               (no ring)
MPRegen 0.11/turn               (no ring)

@: lethally poisoned (0 -> -1), flying quickly and evasively, quick
A: beak, talons 3, nimble flight
a: no special abilities


You were on level 3 of the Dungeon.
You visited 1 branch of the dungeon, and saw 3 of its levels.

You collected 178 gold pieces.


Innate Abilities, Weirdness & Mutations

You have a beak for a mouth.
You have claws for feet.
Your magical nature lets you fly swiftly and evasively.


   Skills:
 - Level 2.0 Fighting
 + Level 5.6 Axes
 - Level 1.0 Throwing
 - Level 1.1 Armour
 - Level 2.1 Dodging
 - Level 2.0 Spellcasting
 - Level 2.4 Translocations


You had 8 spell levels left.
You didn't know any spells.
Your spell library contained the following spells:

 Spells                   Type           Power      Damage    Failure   Level
 Blink                    Tloc           14%        N/A       30%         2
 Gell's Gravitas          Tloc           7%         N/A       52%         3
 Lesser Beckoning         Tloc           7%         N/A       52%         3
 Teleport Other           Tloc           7%         N/A       52%         3
 Manifold Assault         Tloc           7%         N/A       99%         5

Inventory:

Hand Weapons
 g - a +0 flail
 Y - a +0 war axe (weapon)
Missiles
 d - 2 boomerangs (quivered)
Armour
 c - a +0 scale mail
 f - a +0 ring mail (worn)
Scrolls
 a - 3 scrolls of teleportation {unknown}
 e - a scroll of identify
 i - a scroll of vulnerability {unknown}
Potions
 b - 2 potions of haste {unknown}
 h - a potion of mutation {unknown}

Dungeon Overview and Level Annotations

Branches:
Dungeon (3/15)

Altars:

Shops:
D:3 *


Message History

The scorpion is lightly wounded.
You barely miss the scorpion. Your peck misses the scorpion.
The scorpion is lightly wounded.
The scorpion closely misses you.
The scorpion stings you but does no damage.
You hit the scorpion but do no damage.
The scorpion is lightly wounded.
The scorpion stings you.
You barely miss the scorpion. Your kick misses the scorpion.
You peck the scorpion, but do no damage.
The scorpion is lightly wounded.
The scorpion barely misses you. The scorpion stings you.
You are poisoned.
The scorpion poisons you!
You barely miss the scorpion.
You peck the scorpion, but do no damage.
The scorpion is lightly wounded.
You feel very sick. The scorpion misses you.
You hit the scorpion.
The scorpion is moderately wounded.
You feel sick. The scorpion barely misses you. x2
You closely miss the scorpion.
The scorpion is moderately wounded.
You feel sick. The scorpion completely misses you.
You hit the scorpion. You claw the scorpion.
The scorpion is severely wounded.
You feel sick. The scorpion stings you. x2
You hit the scorpion but do no damage.
You claw the scorpion, but do no damage.
The scorpion is severely wounded.
You feel sick. The scorpion stings you.
You closely miss the scorpion. You claw the scorpion.
You peck the scorpion, but do no damage.
The scorpion is severely wounded.
You feel sick.
The scorpion stings you but does no damage. x2
You closely miss the scorpion. Your kick misses the scorpion.
The scorpion is severely wounded.
You die...

#........# #
#........# .
#........# ##
#.?....>.+ ..
#..?.....# # ##
#..=.....# .#
#.\..s...##.# .##
#.@....... ...
##.....##. ###
#.....+ # ##<.
#.....# #.#.#...
##....#...#.......
#....#...###.#...
#.####... ###.
#...##..# #####.
###.##..# #.....


You could see a scorpion.

Vanquished Creatures
  An iguana (D:3)
  5 adders
  A dart slug (D:3)
  3 orcs (D:3)
  7 endoplasms
  A giant cockroach (D:2)
  4 hobgoblins
  A kobold (D:3)
  2 quokkas
  3 ball pythons (D:1)
  6 bats
  7 frilled lizards
  7 goblins
  4 rats
52 creatures vanquished.

Notes
Turn   | Place    | Note
-------+----------+-------------------------------------------
     0 | D:1      | qw the Tengu Warper began the quest for the Orb.
     0 | D:1      | Reached XP level 1. HP: 12/12 MP: 4/4
     0 | D:1      | 0 ||| qw: Version: 0.1-a-89-g26bdef1
     0 | D:1      | 0 ||| qw: Game counter: 240
     0 | D:1      | 0 ||| qw: Always use a shield: true
     0 | D:1      | 0 ||| qw: God list: Okawaru
     0 | D:1      | 0 ||| qw: Allow faded altars: false
     0 | D:1      | 0 ||| qw: Do Orc after D:15 true
     0 | D:1      | 0 ||| qw: Do second Lair branch before Depths: true
     0 | D:1      | 0 ||| qw: Lair rune preference: random
     0 | D:1      | 0 ||| qw: Plans: Normal
     0 | D:1      | 0 ||| PLANNING D:1-11
    98 | D:1      | 98 ||| Stepping ~*~*~tactically~*~*~ (stealth).
   132 | D:1      | Reached XP level 2. HP: 9/17 MP: 6/6
   353 | D:1      | 353 ||| SWAPPING to +0 war axe.
   362 | D:1      | Reached skill level 3 in Axes
   362 | D:1      | 362 ||| DROPPING +0 hand axe.
   720 | D:1      | 720 ||| Stepping ~*~*~tactically~*~*~ (stealth).
   725 | D:1      | 725 ||| Stepping ~*~*~tactically~*~*~ (stealth).
   735 | D:1      | 735 ||| Stepping ~*~*~tactically~*~*~ (stealth).
   739 | D:1      | 739 ||| Stepping ~*~*~tactically~*~*~ (stealth).
   744 | D:1      | Found a faded altar of an unknown god.
   790 | D:1      | 790 ||| UPGRADING to +0 ring mail.
   800 | D:1      | 800 ||| DROPPING +0 leather armour.
   801 | D:1      | 801 ||| READING scroll labelled SUIMI DEVEPOSO.
   802 | D:1      | 802 ||| READING scroll labelled FAYNIWNOPHO.
   803 | D:1      | 803 ||| DRINKING 2 bubbling silvery potions.
   804 | D:1      | 804 ||| DRINKING 2 metallic orange potions.
   805 | D:1      | 805 ||| DROPPING scroll of blinking.
   806 | D:1      | 806 ||| DROPPING potion of attraction.
   918 | D:2      | Reached XP level 3. HP: 21/21 MP: 7/7
   938 | D:2      | Reached skill level 4 in Axes
  1062 | D:2      | 1062 ||| Stepping ~*~*~tactically~*~*~ (stealth).
  1380 | D:2      | 1380 ||| Stepping ~*~*~tactically~*~*~ (stealth).
  1393 | D:2      | Reached XP level 4. HP: 16/26 MP: 8/8
  1548 | D:2      | HP: 6/26 [adder (1)]
  1549 | D:2      | 1549 ||| DRINKING potion of heal wounds.
  1875 | D:2      | 1875 ||| FLEEEEING.
  1882 | D:2      | 1882 ||| FLEEEEING.
  1883 | D:2      | 1883 ||| FLEEEEING.
  1884 | D:2      | 1884 ||| FLEEEEING.
  1885 | D:2      | 1885 ||| FLEEEEING.
  1887 | D:2      | 1887 ||| Stepping ~*~*~tactically~*~*~ (hiding).
  2139 | D:2      | 2139 ||| DROPPING +6 ring of intelligence.
  2140 | D:2      | 2140 ||| READING scroll labelled DUV OH LEE.
  2141 | D:2      | 2141 ||| READING scroll labelled MACRUV IJIZXI.
  2142 | D:2      | 2142 ||| READING scroll labelled KINOEM ZYNU.
  2312 | D:3      | Reached skill level 5 in Axes
  2607 | D:3      | HP: 6/26 [iguana (5)]
  2608 | D:3      | 2608 ||| DRINKING potion of heal wounds.
  2611 | D:3      | Gained mutation: Your magical nature lets you fly swiftly
                  | and evasively. [Tengu growth]
  2611 | D:3      | Reached XP level 5. HP: 27/30 MP: 9/9
  2940 | D:3      | 2940 ||| Stepping ~*~*~tactically~*~*~ (stealth).
  3029 | D:3      | Found Suahabu's Assorted Antiques.
  3041 | D:3      | HP: 7/30 [scorpion (6)]
  3042 | D:3      | HP: 3/30 [scorpion (4)]
  3043 | D:3      | HP: 1/30 [poisoned by a scorpion]
  3044 | D:3      | Succumbed to a scorpion's poison

Levels and vault maps discovered:
D:1:      wander_arrival_lonely_grave, layout_rooms,
          shapermc_ecumenical_altar_notcrosses
D:2:      layout_basic, serial_glass, glass_columns_c, glass_columns_b,
          minmay_unequal
D:3:      layout_basic, serial_shops, shop

Skill      XL: |  1  2  3  4 |
---------------+-------------+-----
Axes           | 3 4 5 |  5.6
Fighting       | |  2.0
Throwing       | |  1.0
Armour         | |  1.1
Dodging        | |  2.1
Spellcasting   | |  2.0
Translocations | |  2.4

Action                   |  1- 3 |  4- 6 || total
-------------------------+-------+-------++-------
Melee: Hand axe          |    12 |       ||    12
       Kick              |    20 |     9 ||    29
       Peck              |     3 |     6 ||     9
       War axe           |    72 |    50 ||   122
Throw: Boomerang         |     7 |     6 ||    13
  Use: Scroll            |     2 |     3 ||     5
       Potion            |     2 |     2 ||     4
Armor: Leather armour    |     3 |       ||     3
       Ring mail         |    20 |    12 ||    32
Dodge: Dodged            |    46 |    23 ||    69

Table legend:
 A = Non-vault XP
 B = Vault XP
 C = Vault XP percentage of total XP
 D = Non-vault monster count
 E = Vault monster count
 F = Vault count percentage of total count
                 A         B        C        D         E       F
            +---------+---------+-------+---------+---------+-------
      Total |     165 |      18 |   9.8 |      48 |       4 |   7.7
            +---------+---------+-------+---------+---------+-------
        D:1 |      25 |       0 |   0.0 |      17 |       0 |   0.0
        D:2 |      63 |      18 |  22.2 |      17 |       4 |  19.0
        D:3 |      77 |       0 |   0.0 |      14 |       0 |   0.0
            +---------+---------+-------+---------+---------+-------
